 Dungeon Crawl Stone Soup version 0.23-a0-650-ga4d50d4 (webtiles) character file.

264 Firecrotchwizard the Shooter (level 5, -5/45 HPs)
             Began as a Centaur Arcane Marksman on Jan 6, 2019.
             Slain by an orc priest
             ... wielding a +1 flail of protection
              (8 damage)
             ... on level 3 of the Dungeon.
             The game lasted 00:11:35 (4185 turns).

Firecrotchwizard the Shooter (CeAM)                 Turns: 4185, Time: 00:11:36

Health: -5/45      AC:  7    Str: 12    XL:     5   Next: 98%
Magic:  6/6        EV:  9    Int: 13    God:
Gold:   60         SH:  0    Dex: 10    Spells: 2/6 levels left

rFire    . . .     SeeInvis .   b - +0 trident
rCold    . . .     Gourm    .   (no shield)
rNeg     . . .     Faith    .   e - +0 robe
rPois    .         Spirit   .   j - +1 helmet
rElec    .         Reflect  .   (no cloak)
rCorr    .         Harm     .   n - +0 pair of gloves
MR       .....                  (no barding)
Stlth    +.........             t - amulet of the acrobat
HPRegen  0.15/turn              (no ring)
MPRegen  0.10/turn              p - ring of flight {+Fly, !d}

@: very quick
A: large, hooves 3, deformed body, speed 2, tough skin 3
a: Evoke Flight


You were on level 3 of the Dungeon.
You were not hungry.

You visited 1 branch of the dungeon, and saw 5 of its levels.

You collected 110 gold pieces.
You spent 50 gold pieces at shops.

Inventory:

Hand Weapons
 a - a +0 shortbow
 b - a +0 trident (weapon)
   (You found it on level 3 of the Dungeon)
Missiles
 d - 68 arrows
Armour
 e - a +0 robe (worn)
 j - a +1 helmet (worn)
   (You found it on level 1 of the Dungeon)
 l - a +0 ring mail
   (You found it on level 1 of the Dungeon)
 n - a +0 pair of gloves (worn)
   (You found it on level 1 of the Dungeon)
Jewellery
 k - an uncursed ring of fire {rF+, rC-}
   (You found it on level 1 of the Dungeon)
 p - a ring of flight (right hand) {+Fly, !d}
   (You found it on level 2 of the Dungeon)
 t - an amulet of the acrobat (around neck)
   (You found it on level 4 of the Dungeon)
Scrolls
 c - 3 scrolls of remove curse {unknown}
 h - 2 scrolls of identify
 i - 2 scrolls of teleportation
 m - 2 scrolls of blinking {unknown}
 s - a scroll of enchant weapon {unknown}
Potions
 g - a potion of flight {unknown}
 o - a potion of haste {unknown}
 q - a potion of heal wounds {unknown}
 r - a potion of curing {unknown}
Comestibles
 f - 9 rations


   Skills:
 + Level 3.4 Fighting
 + Level 5.1 Bows
 - Level 1.3 Dodging
 - Level 1.0 Spellcasting
 + Level 4.2 Hexes


You had 2 spell levels left.
You knew the following spells:

 Your Spells              Type           Power        Failure   Level  Hunger
a - Portal Projectile     Hex/Tloc       #.....       34%         3    ####...
v - Corona                Hex            ##.....      4%          1    ##.....

Your spell library contained the following spells:

 Spells                   Type           Power        Failure   Level  Hunger
 Slow                     Hex            ##......     8%          2    ###....
 Inner Flame              Hex/Fire       #.......     34%         3    ####...
 Cause Fear               Hex            ##........   45%         4    #####..
 Leda's Liquefaction      Hex/Erth       #.........   75%         4    #####..


Dungeon Overview and Level Annotations

Branches:
Dungeon (5/15)
 Temple: D:4-7

Altars:
Kikubaaqudgha
Xom

Shops:
D:4 ?

Annotations:
D:4 Eustachio


Innate Abilities, Weirdness & Mutations

You have hooves in place of feet.
Armour fits poorly on your strangely shaped body.
You cover ground very quickly.
You have extremely tough skin. (AC +3)


Message History

A mysterious force pulls you upwards. The hatch slams shut behind you.
You start resting.
Health restored: 45
There is an open door here.
There is a stone staircase leading down here.
You climb downwards.
Level annotation: Eustachio
There is a stone staircase leading up here.
You see here a +0 giant club.
The phantom is too close now for your liking.
a - a +0 shortbow (weapon)
Firing (i - inventory)
d - 68 arrows (quivered)
Aim: a phantom You shoot an arrow.
The arrow closely misses the phantom.
Firing (i - inventory)
d - 67 arrows (quivered)
Aim: a phantom You shoot an arrow.
The arrow hits the phantom.
Firing (i - inventory)
d - 66 arrows (quivered)
Aim: a phantom (lightly damaged)
You shoot an arrow. The arrow closely misses the phantom.
The phantom hits you but does no damage.
Firing (i - inventory)
d - 65 arrows (quivered)
Aim: a phantom (lightly damaged)
You shoot an arrow. The arrow barely misses the phantom.
The phantom hits you.
You take 5 damage, and have 40/45 hp.
Firing (i - inventory)
d - 64 arrows (quivered)
Aim: a phantom (lightly damaged)
You shoot an arrow. The arrow hits the phantom!
The phantom hits you!
You take 8 damage, and have 32/45 hp.
Firing (i - inventory)
d - 63 arrows (quivered)
Aim: a phantom (moderately damaged)
You shoot an arrow. The arrow closely misses the phantom.
The phantom hits you.
You take 1 damage, and have 31/45 hp.
Firing (i - inventory)
d - 62 arrows (quivered)
Aim: a phantom (moderately damaged)
You shoot an arrow. The arrow barely misses the phantom.
The phantom completely misses you.
You see here a +0 giant club.
There is a stone staircase leading up here.
You climb upwards.
There is a stone staircase leading down here.
You start resting.
Health restored: 45 Unknown command.
You see here a +0 short sword.
There is a stone staircase leading down here.
You climb downwards.
Level annotation: Eustachio
There is a stone staircase leading up here.
d - 62 arrows (gained 1)
d - 63 arrows (gained 1)
You see here 5 arrows.
d - 68 arrows (gained 5)
There is a stone staircase leading up here.
You climb upwards.
There is a stone staircase leading down here.
There is a stone staircase leading down here.
You climb downwards.
Level annotation: Eustachio The orc priest shouts!
You hear a shout! x2
The orc priest hits you with a +1 flail of protection.
The orc priest hits you with a +1 flail of protection!
There is a stone staircase leading up here.
You take 15 damage, and have 30/45 hp.
MASSIVE DAMAGE!!
The orc priest hits you with a +1 flail of protection.
You climb upwards.
There is a stone staircase leading down here.
You take 4 damage, and have 26/45 hp.
b - a +0 trident (weapon)
You hit the orc priest. The orc priest barely misses you.
You closely miss the orc priest. You kick the orc priest.
The orc priest hits you with a +1 flail of protection.
You take 1 damage, and have 25/45 hp.
You hit the orc priest but do no damage.
The orc priest misses you.
You hit the orc priest but do no damage.
The orc priest hits you with a +1 flail of protection.
You take 1 damage, and have 24/45 hp.
You barely miss the orc priest. Your kick misses the orc priest.
The orc priest barely misses you.
You closely miss the orc priest. Your kick misses the orc priest.
The orc priest mumbles some strange prayers to Beogh against you.
Pain shoots through your body! The orc priest misses you.
You take 8 damage, and have 17/45 hp.
You closely miss the orc priest.
The orc priest hits you but does no damage.
You puncture the orc priest!
The orc priest hits you with a +1 flail of protection.
You take 2 damage, and have 15/45 hp.
You hit the orc priest but do no damage.
Your kick misses the orc priest.
The orc priest hits you with a +1 flail of protection!
* * * LOW HITPOINT WARNING * * *
You take 13 damage, and have 2/45 hp.
MASSIVE DAMAGE!!
You closely miss the orc priest. The orc priest closely misses you.
You closely miss the orc priest.
The orc priest hits you with a +1 flail of protection!
You die...

##### ##.....PP.....# ....#
#....♣♣♣≈♣....# ###.## #####
#....≈≈≈♣≈≈..P## #..# #...#
#....♣.≈≈≈≈≈..P# ##.# #...#
#)P...♣♣≈≈≈≈P.P# ####.## #...#
#.#....♣≈♣≈....♣ ......#
#...###.#......≈.....♣
....#.####...##o.#...P.....♣###
....+...........@#........####
....##.########..#...........#
###.##..# ####...#........##.#
........###......####+######.#
###.###..##......# #.# #.#
###.###..##......# #.# #.#
.....###.##....#.# #.######.#
.....# #..#....#.# #......#.#
.....# ##.#....#.# #.####.#.#


You could see an orc priest.

Vanquished Creatures
  An ogre (D:4)
  2 bullfrog skeletons (D:4)
  3 adders
  An ooze (D:1)
  2 worms
  3 dart slugs
  A leopard gecko (D:4)
  An orc (D:3)
  11 bats
  3 giant cockroaches
  4 goblins
  8 hobgoblins
  11 jackals
  5 kobolds
  2 quokkas (D:2)
  3 ball pythons
  6 frilled lizards
  7 rats
74 creatures vanquished.

Notes
Turn   | Place    | Note
-------+----------+-------------------------------------------
     0 | D:1      | Firecrotchwizard the Centaur Arcane Marksman began the
                  | quest for the Orb.
     0 | D:1      | Reached XP level 1. HP: 16/16 MP: 2/2
    34 | D:1      | Reached skill level 3 in Bows
   191 | D:1      | Reached XP level 2. HP: 23/23 MP: 3/3
   309 | D:1      | Reached skill level 3 in Hexes
   669 | D:1      | Reached XP level 3. HP: 29/29 MP: 4/4
   851 | D:2      | Reached skill level 2 in Fighting
   890 | D:2      | Learned a level 3 spell: Portal Projectile
  1224 | D:2      | Reached XP level 4. HP: 36/36 MP: 5/5
  1299 | D:2      | Reached skill level 4 in Bows
  1350 | D:2      | Found a shimmering altar of Xom.
  1350 | D:2      | Found an ancient bone altar of Kikubaaqudgha.
  2609 | D:4      | Noticed an ogre
  2630 | D:4      | Killed an ogre
  2630 | D:4      | Reached skill level 3 in Fighting
  2630 | D:4      | Reached skill level 4 in Hexes
  2630 | D:4      | Reached XP level 5. HP: 45/45 MP: 6/6
  2787 | D:4      | Found Seocaukh's Magic Scroll Emporium.
  2796 | D:4      | Bought a scroll of teleportation for 30 gold pieces
  2796 | D:4      | Bought a scroll of identify for 20 gold pieces
  2813 | D:4      | Noticed a phantom
  3340 | D:4      | Noticed a two-headed ogre
  3482 | D:4      | Reached skill level 5 in Bows
  3665 | D:4      | Noticed a phantom
  3684 | D:4      | Noticed Eustachio
  3731 | D:5      | Entered Level 5 of the Dungeon
  4183 | D:3      | HP: 2/45 [orc priest/+1 flail of protection (13)]
  4185 | D:3      | Slain by an orc priest

Vault maps used:
D:1:      dpeg_arrival_stone_temple_mockup
D:2:      gammafunk_temple_overflow_elements, first_ration
D:3:      dk_noncrumbling_4, serial_bayou_pond_a
D:4:      serial_shops, shop_fountains, kennysheep_decorative_pillar,
          uniq_eustachio
D:5:      minmay_temple_entry_fiery, basic_altar, trog_three_pillars_becter

Skill      XL: |  1  2  3  4  5 |
---------------+----------------+-----
Bows           | 3 4 5 |  5.1
Hexes          | 3 4 |  4.2
Fighting       | 2 3 |  3.4
Dodging        | |  1.3
Spellcasting   | |  1.0

Action                   |  1- 3 |  4- 6 || total
-------------------------+-------+-------++-------
Melee: Unarmed           |    17 |       ||    17
       Kick              |    27 |    14 ||    41
       Spear             |   136 |    31 ||   167
       Trident           |       |    91 ||    91
 Fire: Shortbow          |       |    20 ||    20
  Use: Scroll            |       |     2 ||     2
  Eat: Chunk             |     1 |     4 ||     5
       Ration            |       |     1 ||     1
Armor: Robe              |    77 |    49 ||   126
       Ring mail         |     2 |       ||     2
Dodge: Dodged            |    54 |    52 ||   106

Table legend:
 A = Non-vault XP
 B = Vault XP
 C = Vault XP percentage of total XP
 D = Non-vault monster count
 E = Vault monster count
 F = Vault count percentage of total count
                 A         B        C        D         E       F
            +---------+---------+-------+---------+---------+-------
      Total |     378 |       0 |   0.0 |      74 |       0 |   0.0
            +---------+---------+-------+---------+---------+-------
        D:1 |      49 |       0 |   0.0 |      26 |       0 |   0.0
        D:2 |      67 |       0 |   0.0 |      23 |       0 |   0.0
        D:3 |      47 |       0 |   0.0 |      18 |       0 |   0.0
        D:4 |     215 |       0 |   0.0 |       7 |       0 |   0.0
            +---------+---------+-------+---------+---------+-------

Vault maps used:
D:1:      dpeg_arrival_stone_temple_mockup
D:2:      gammafunk_temple_overflow_elements, first_ration
D:3:      dk_noncrumbling_4, serial_bayou_pond_a
D:4:      serial_shops, shop_fountains, kennysheep_decorative_pillar,
          uniq_eustachio
D:5:      minmay_temple_entry_fiery, basic_altar, trog_three_pillars_becter

Table legend:
 A = Turns spent in this place as a percentage of turns spent in the entire game.
 B = Non-inter-level travel turns spent in this place as a percentage of non-inter-level travel turns spent in the entire game.
 C = Inter-level travel turns spent in this place as a percentage of turns spent in this place.
 D = Turns resting spent in this place as a percentage of non-inter-level travel turns spent in this place.
 E = Turns spent auto-exploring this place as a percentage of non-inter-level travel turns spent in this place.
 F = Non-inter-level travel turns spent in this place divided by the number of levels of this place that you've seen.
                   A       B       C       D       E      F
               +-------+-------+-------+-------+-------+----------------------
         Total | 100.0 | 100.0 |   7.9 |  28.1 |  47.1 | 770.6
       Dungeon | 100.0 | 100.0 |   7.9 |  28.1 |  47.1 | 770.6
               +-------+-------+-------+-------+-------+----------------------

Table legend:
 A = Kills in this place as a percentage of kills in entire the game.
 B = Kills by you in this place as a percentage of kills by you in the entire game.
 C = Kills by friends in this place as a percentage of kills by friends in the entire game.
 D = Other kills in this place as a percentage of other kills in the entire game.
 E = Experience gained in this place as a percentage of experience gained in the entire game.
 F = Experience gained in this place divided by the number of levels of this place that you have seen.
                   A       B       C       D       E      F
               +-------+-------+-------+-------+-------+----------------------
         Total | 100.0 | 100.0 |   N/A |   N/A | 100.0 |  75.6
       Dungeon | 100.0 | 100.0 |   N/A |   N/A | 100.0 |  75.6
               +-------+-------+-------+-------+-------+----------------------
